 Dungeon Crawl Stone Soup version 0.29.1-14-g9c671dbff4 (webtiles) character file.

Game seed: 16806516599330939087

156 hawla the Chiller (level 5, 0/39 HPs)
             Began as a Meteoran Ice Elementalist on Feb 18, 2023.
             Killed from afar by Dowan (17 damage)
             ... with a bolt of dispelling energy
             ... on level 4 of the Dungeon.
             The game lasted 00:03:13 (400 turns).

hawla the Chiller (Meteoran Ice Elementalist)        Turns: 400, Time: 00:03:13

Health: 0/39       AC:  2    Str:  9    XL:     5   Next: 98%
Magic:  5/12       EV: 13    Int: 18    God:
Gold:   99         SH:  0    Dex: 15    Spells: 9/13 levels left

rFire   . . .      SeeInvis .   f - +2 short sword (drain)
rCold   . . .      Faith    .   (no shield)
rNeg    . . .      Spirit   .   a - +0 robe
rPois   .          Reflect  .   (no helmet)
rElec   .          Harm     .   (no cloak)
rCorr   +          Rampage  .   (no gloves)
Will    .....                   (no boots)
Stlth   +.........              (no amulet)
HPRegen 0.13/turn               d - ring of resist corrosion
MPRegen 0.13/turn               (no ring)

@: glowing
A: sense surroundings 1, otherworldly, glowing, explore regen
a: no special abilities


You were on level 4 of the Dungeon.
You visited 2 branches of the dungeon, and saw 4 of its levels.

You collected 99 gold pieces.

Inventory:

Hand Weapons
 f - a +2 short sword of draining (weapon)
Armour
 a - a +0 robe (worn)
Jewellery
 d - a ring of resist corrosion (left hand)
Scrolls
 e - a scroll of identify
Potions
 b - a potion of magic
 c - a potion of attraction {unknown}
 g - a potion of curing


   Skills:
 + Level 0.3 Fighting
 + Level 3.0 Dodging
 - Level 1.4 Stealth
 + Level 4.6 Spellcasting
 + Level 5.9 Ice Magic


You had 9 spell levels left.
You knew the following spells:

 Your Spells              Type           Power      Damage    Failure   Level
a - Freeze                Ice            100%       1d11      1%          1
b - Frozen Ramparts       Ice            50%        1d8       3%          3

Your spell library contained the following spells:

 Spells                   Type           Power      Damage    Failure   Level
 Ozocubu's Armour         Ice            25%        N/A       3%          3
 Static Discharge         Conj/Air       4%         3-4/arc   22%         2
 Hailstorm                Conj/Ice       14%        3d5       38%         4
 Lightning Bolt           Conj/Air       2%         1d13      98%         5
 Maxwell's Capacitive Co  Air            2%         ∞         100%        8


Dungeon Overview and Level Annotations

Branches:
Dungeon (4/15) Zot: 1407   Temple (1/1) D:4 Zot: 592

Altars:
Cheibriados
Dithmenos
Elyvilon
Fedhas
Gozag
Hepliaklqana
Makhleb
Nemelex Xobeh
Okawaru
Qazlal
Sif Muna
Trog
Uskayaw
Xom
Yredelemnul
Zin
The Shining One

Annotations:
D:4 Dowan


Innate Abilities, Weirdness & Mutations

You passively map a small area around you.
You are easily found by Zot.
You glow in the dark.
You regain HP and MP as you explore.


Message History

You feel drained.
Casting: Freeze (safe; 1% risk of failure)
Confirm with . or Enter, or press ? or * to list all spells.
Aiming: Freeze (safe; 1% risk of failure)
Press: ? - help, Shift-Dir - straight line, f/p - Duvessa
Aim: Duvessa, wielding a +2 short sword of draining and wearing a +0 leather armour (heavily wounded)
You freeze Duvessa.
Duvessa is severely wounded.
Dowan resists.
The wall freezes Dowan.
The wall freezes Duvessa!
Duvessa hits you with a +2 short sword of draining.
You feel drained.
Dowan resists.
The wall freezes Dowan.
Dowan mumbles some strange words.
Dowan blinks!
Casting: Freeze (safe; 1% risk of failure)
Confirm with . or Enter, or press ? or * to list all spells.
Aiming: Freeze (safe; 1% risk of failure)
Press: ? - help, Shift-Dir - straight line, f/p - Duvessa
Aim: Duvessa, wielding a +2 short sword of draining and wearing a +0 leather armour (severely wounded)
You freeze Duvessa!
You kill Duvessa!
Dowan screams, "No!
No!"
Dowan seems to find hidden reserves of power!
Your life force feels restored.
Your Dodging skill increases to level 3!
Your Spellcasting skill increases to level 4!
You have reached level 5!
Your frozen ramparts will break if you move.
Continue?
The frozen ramparts melt away as you move.
Things that are here:
a +2 short sword of draining; a +0 leather armour; 2 fuming ruby potions You sense an unholy aura.
f - a +2 short sword of draining (weapon)
You hit Dowan but do no damage. You drain Dowan.
Dowan is moderately wounded.
Dowan hits you with a +0 dagger.
You hit Dowan but do no damage. You drain Dowan.
Dowan is heavily wounded.
Dowan hits you with a +0 dagger.
Dowan zaps a wand.
The bolt of dispelling energy hits you!
You die...

#.......#.#.#####*
..#.....#.#.# ,
#.#.......#.# *
#.......###.# * ,
...#........######
##.#.............#*
*
.....###########.#
..##.# #.# .....#
#@# #....# #e#
##.#.# #.# ##.#.#
#)# ##.#.# #.#
##.#.# #.# * .#.#.#
#.. , ##.#.# ###
**** #.#.#


You could see Dowan (fast, very drained).

Vanquished Creatures
  Duvessa (D:4)
  A hound (D:4)
  A dart slug (D:4)
  3 ball pythons (D:2)
  2 bats (D:2)
  A giant cockroach (D:4)
  3 goblins (D:2)
  3 hobgoblins
  A kobold (D:2)
  3 quokkas
  A frilled lizard (D:2)
  6 rats
26 creatures vanquished.

Notes
Turn   | Place    | Note
-------+----------+-------------------------------------------
     0 | D:1      | hawla the Meteoran Ice Elementalist began the quest for the
                  | Orb.
     0 | D:1      | Reached XP level 1. HP: 14/14 MP: 5/5
    54 | D:2      | Reached XP level 2. HP: 17/20 MP: 1/6
   149 | D:2      | Reached skill level 5 in Ice Magic
   149 | D:2      | Reached XP level 3. HP: 26/26 MP: 6/8
   161 | D:2      | Learned a level 3 spell: Frozen Ramparts
   181 | D:2      | You fall into a shaft and drop 2 floors!
   243 | D:4      | Reached XP level 4. HP: 33/33 MP: 4/10
   315 | D:4      | Found a staircase to the Ecumenical Temple.
   326 | Temple   | Entered the Ecumenical Temple
   388 | D:4      | Noticed Duvessa
   388 | D:4      | Noticed Dowan
   395 | D:4      | Killed Duvessa
   396 | D:4      | Reached XP level 5. HP: 21/39 MP: 4/12
   400 | D:4      | Killed from afar by Dowan

Illustrated notes

Levels and vault maps discovered:
D:1:      dpeg_arrival_ratfight, layout_rooms, dreamdust_ecumenical_altar_grove,
          minmay_misc_feat_four_crosses
D:2:      layout_rooms, chequers_mini_garden, hex_large, uniq_crazy_yiuf_cottage
D:4:      layout_basic, minmay_temple_entry_ruins, gammafunk_ghost_necromancy,
          kennysheep_cross_room, uniq_duvessa
Temple:   sentei_temple_godly_chess

Skill      XL: |  1  2  3  4 |
---------------+-------------+-----
Spellcasting   | 3 4 |  4.6
Ice Magic      | 5 |  5.9
Dodging        | 3 |  3.0
Fighting       | |  0.3
Stealth        | |  1.4

Action                   |  1- 3 |  4- 6 || total
-------------------------+-------+-------++-------
Melee: Unarmed           |     1 |    11 ||    12
       Short sword       |       |     2 ||     2
 Cast: Freeze            |    28 |    11 ||    39
       Frozen Ramparts   |     1 |     1 ||     2
  Use: Scroll            |     3 |       ||     3
Armor: Robe              |     8 |     1 ||     9
Dodge: Dodged            |     8 |     8 ||    16
